 Dungeon Crawl Stone Soup version 0.21.1-72-gffa868e0fe (webtiles) character file.

312 Pisosu the Magician (level 6, 32/32 HPs)
             Began as a Deep Elf Fire Elementalist on Aug 3, 2018.
             Quit the game on level 3 of the Dungeon.
             The game lasted 00:09:12 (3386 turns).

Pisosu the Magician (Deep Elf Fire Elementalist)    Turns: 3386, Time: 00:09:13

Health: 32/32      AC:  3    Str:  5    XL:     6   Next: 18%
Magic:  16/16      EV: 13    Int: 22    God:
Gold:   131        SH:  0    Dex: 15    Spells: 14/15 levels left

rFire    + . .     SeeInvis .   (no weapon)
rCold    + . .     Gourm    .   (no shield)
rNeg     . . .     Faith    .   a - +0 robe
rPois    .         Spirit   .   (no helmet)
rElec    .         Reflect  .   j - scarf {rC+ rF+}
rCorr    .         Harm     .   r - +0 pair of gloves
MR       .....                  (no boots)
Stlth    ++........             (no amulet)
HPRegen  0.10/turn              (no ring)
MPRegen  0.15/turn              (no ring)

@: no status effects
A: no striking features
a: no special abilities


You were on level 3 of the Dungeon.
You were not hungry.

You visited 1 branch of the dungeon, and saw 3 of its levels.

You collected 131 gold pieces.

Inventory:

Armour
 a - a +0 robe (worn)
 j - a scarf of resistance (worn)
 r - a +0 pair of gloves (worn)
Wands
 o - a wand of random effects (7)
 p - a wand of flame (21)
 t - a wand of polymorph (21)
Scrolls
 d - 2 scrolls of identify {unknown}
 f - a scroll of immolation {unknown}
 i - a scroll of enchant armour {unknown}
 l - 3 scrolls of remove curse {unknown}
 m - 2 scrolls of teleportation {unknown}
 u - a scroll of fog {unknown}
Potions
 e - a potion of agility
 g - 3 potions of brilliance {unknown}
 h - 2 potions of heal wounds {unknown}
 k - a potion of curing {unknown}
 n - a potion of lignification {unknown}
 q - a potion of degeneration {unknown}
Books
 b - a book of Flames

   Spells                             Type                      Level
   a - Flame Tongue                   Conjuration/Fire             1
   b - Throw Flame                    Conjuration/Fire             2
   c - Conjure Flame                  Conjuration/Fire             3
   d - Inner Flame                    Hexes/Fire                   3
   e - Sticky Flame                   Conjuration/Fire             4
   f - Fireball                       Conjuration/Fire             5
Comestibles
 c - 2 rations
 s - 3 chunks of flesh


   Skills:
 + Level 3.2 Dodging
 + Level 3.1 Stealth
 + Level 5.4 Spellcasting
 + Level 3.3 Conjurations
 + Level 5.0 Fire Magic


You had 14 spell levels left.
You knew the following spells:

 Your Spells              Type           Power        Failure   Level  Hunger
a - Flame Tongue          Conj/Fire      ###..        1%          1    None


Dungeon Overview and Level Annotations

Branches:
Dungeon (3/15)

Altars:
Hepliaklqana
Kikubaaqudgha
Nemelex Xobeh
Uskayaw


Message History

Press: ? - help, Shift-Dir - straight line, f/p - gnoll
Aim: a gnoll (severely wounded)
The flame tongue hits the gnoll.
You kill the gnoll!
Casting: Flame Tongue
Confirm with . or Enter, or press ? or * to list all spells.
You can't see any susceptible monsters within range! (Use Z to cast anyway.)
You start resting.
Magic restored.
s - 3 chunks of flesh You start resting.
HP restored.
There is an open door here.
You see here a club.
Found a cloak.
Welcome back, Pisosu the Deep Elf Fire Elementalist.
Press ? for a list of commands and other information.
Are you sure you want to abandon this character and quit the game? (Confirm with "yes".)
Okay, then.
Are you sure you want to abandon this character and quit the game? (Confirm with "yes".)

......... ...#......#########
....#'#########..#........)......
.#............#..#......#########
.#............#..#...#..# #######
.#..###### #.'..#...##># #......
.#..# #.#).#...#### #...... .#..#
#.)..#...# #...... .#..#
#.#..#...# #......
.#..#########.#.@#...# #......
#............#.......# #..###.
#............#.).....# #..#.##
#............#......?# #..##.#
##############.......#####...##.
........##.........
...#...###......... ....+..[#
#......... #.....<...


There were no monsters in sight!

Vanquished Creatures
  An orc priest (D:3)
  An orc wizard (D:3)
  Natasha (thrice) (D:2)
  4 gnolls (D:3)
  7 adders
  An ooze (D:1)
  4 worms
  5 orcs
  4 giant cockroaches
  4 goblins
  5 hobgoblins
  8 jackals (D:3)
  2 quokkas
  8 bats
  A frilled lizard (D:2)
  3 kobolds
  7 rats
68 creatures vanquished.

Notes
Turn   | Place    | Note
-------+----------+-------------------------------------------
     0 | D:1      | Pisosu the Deep Elf Fire Elementalist began the quest for the Orb.
     0 | D:1      | Reached XP level 1. HP: 10/10 MP: 6/6
   135 | D:1      | Reached XP level 2. HP: 15/15 MP: 2/8
   535 | D:2      | Found a sparkling altar of Nemelex Xobeh.
   536 | D:2      | Found a hazy altar of Hepliaklqana.
   658 | D:2      | Found an ancient bone altar of Kikubaaqudgha.
   711 | D:2      | Noticed Natasha
   716 | D:2      | Noticed a crimson imp
   717 | D:2      | Killed Natasha
   717 | D:2      | Reached XP level 3. HP: 14/19 MP: 6/10
   965 | D:2      | Noticed Natasha
   974 | D:2      | Killed Natasha
   974 | D:2      | Reached XP level 4. HP: 9/24 MP: 3/12
  1513 | D:2      | Noticed Natasha
  1517 | D:2      | Killed Natasha
  1877 | D:3      | Reached XP level 5. HP: 26/28 MP: 8/14
  2332 | D:3      | Found a hide-covered altar of Uskayaw.
  2349 | D:2      | Reached skill level 5 in Spellcasting
  2947 | D:3      | Reached XP level 6. HP: 4/32 MP: 6/16
  3283 | D:3      | Reached skill level 5 in Fire Magic
  3386 | D:3      | Quit the game

Skill      XL: |  1  2  3  4  5  6 |
---------------+-------------------+-----
Fire Magic     | 4 5 |  5.0
Spellcasting   | 4 5 |  5.4
Conjurations   | 2 3 |  3.3
Stealth        | 3 |  3.1
Dodging        | 3 |  3.2

Action                   |  1- 3 |  4- 6 || total
-------------------------+-------+-------++-------
Melee: Unarmed           |     2 |       ||     2
 Cast: Flame Tongue      |    60 |   115 ||   175
  Eat: Chunk             |       |     5 ||     5
       Ration            |       |     1 ||     1
Armor: Robe              |     4 |    12 ||    16
Dodge: Dodged            |    22 |    55 ||    77
